 Dungeon Crawl Stone Soup version 0.30-a0-782-ge64f9170bb (webtiles) character file.

Game seed: 1947959840174640363

2765 senseless the Cudgeller (level 9, -3/68 HPs)
             Began as a Demonspawn Berserker on Mar 14, 2023.
             Was an Elder of Trog.
             Killed by divine providence
             ... invoked by an orc priest
              (11 damage)
             ... on level 8 of the Dungeon.
             The game lasted 00:18:50 (6771 turns).

senseless the Cudgeller (Demonspawn Berserker)      Turns: 6771, Time: 00:18:50

Health: -3/68      AC: 13    Str: 21    XL:     9   Next: 42%
Magic:  3/3        EV: 15    Int: 10    God:    Trog [****..]
Gold:   199        SH: 13    Dex: 12    Spells: 8/8 levels left

rFire   . . .      SeeInvis .    C - +5 mace "Mennulun" {antimagic, Contam rElec rC+++ Stlth-}
rCold   + + +      Faith    .    c - +0 tower shield {AC+3}
rNeg    . . .      Spirit   .    p - +2 animal skin
rPois   .          Reflect  .    q - +2 helmet
rElec   +          Harm     .    (no cloak)
rCorr   .          Rampage  .    E - +0 pair of gloves
Will    .....                    (no boots)
Stlth   +                        (no amulet)
HPRegen 0.31/turn                h - +4 ring of slaying
MPRegen 0.08/turn                y - +5 ring of evasion

@: no status effects
A: yellow scales 1, demonic guardian 1, powered by pain 2, demonic touch 1
a: Renounce Religion, Berserk, Trog's Hand, Brothers in Arms


You were on level 8 of the Dungeon.
You worshipped Trog.
Trog was greatly pleased with you.
You visited 1 branch of the dungeon, and saw 8 of its levels.

You collected 199 gold pieces.

Inventory:

Hand Weapons
 o - a +0 spectral club
 w - the +1 whip of Arbitration {venom, Will+ Dex+3}
   (You found it on level 4 of the Dungeon)

   Dex:       It affects your dexterity (+3).
   Will:      It increases your willpower.
 C - the +5 mace "Mennulun" (weapon) {antimagic, Contam rElec rC+++ Stlth-}
   (You found it on level 5 of the Dungeon)

   rC:        It renders you almost immune to cold.
   rElec:     It insulates you from electricity.
   Contam:    It causes magical contamination when unequipped.
   Stlth:     It makes you less stealthy.
 F - the +4 spear of Regicide {freeze, rPois Will++ Int+3 Dex-2}
   (You took it off an orc on level 7 of the Dungeon)

   Int:       It affects your intelligence (+3).
   Dex:       It affects your dexterity (-2).
   rPois:     It protects you from poison.
   Will:      It greatly increases your willpower.
 G - a +1 morningstar of freezing
Missiles
 m - a throwing net (quivered)
Armour
 c - a +0 tower shield of protection (worn)
 n - a +0 chain mail
 p - a +2 animal skin (worn)
 q - a +2 helmet (worn)
 E - a +0 pair of gloves (worn)
Jewellery
 a - a ring of resist corrosion
 g - a +4 ring of protection
 h - a +4 ring of slaying (left hand)
 u - a ring of protection from cold
 y - a +5 ring of evasion (right hand)
Wands
 b - a wand of flame (16)
 r - a wand of roots (3)
Scrolls
 e - 3 scrolls of teleportation
 s - a scroll of fog
 x - 2 scrolls of magic mapping
 z - a scroll of amnesia
 B - a scroll of blinking
Potions
 d - 4 potions of flight
 f - 3 potions of brilliance
 i - a potion of lignification
 j - a potion of haste
 k - a potion of berserk rage
 l - 3 potions of cancellation
 t - a potion of attraction
 v - 2 potions of curing
 A - a potion of magic {unknown}
 D - a potion of heal wounds {unknown}


   Skills:
 + Level 5.3 Fighting
 + Level 7.2 Maces & Flails
 + Level 3.1 Armour
 + Level 5.3 Dodging
 + Level 3.1 Stealth
 + Level 5.8 Shields


You had 8 spell levels left.
You didn't know any spells.
Your spell library contained the following spells:

 Spells                   Type           Power      Damage    Failure   Level
 Beastly Appendage        Tmut           0%         N/A       98%         1
 Magic Dart               Conj           0%         1d3       98%         1
 Call Imp                 Summ           0%         N/A       99%         2
 Ensorcelled Hibernation  Hex/Ice        0%         N/A       99%         2
 Passwall                 Tmut/Erth      0%         N/A       99%         2
 Wereblood                Tmut           0%         N/A       99%         2
 Call Canine Familiar     Summ           0%         N/A       100%        3
 Inner Flame              Hex/Fire       0%         N/A       100%        3
 Mephitic Cloud           Conj/Pois/Air  0%         N/A       100%        3
 Portal Projectile        Hex/Tloc       0%         N/A       100%        3
 Spider Form              Tmut/Pois      0%         N/A       100%        3
 Swiftness                Air            0%         N/A       100%        3
 Cause Fear               Hex            0%         N/A       100%        4
 Flame Wave               Conj/Fire      0%         2d4       100%        4
 Leda's Liquefaction      Hex/Erth       0%         N/A       100%        4
 Sticky Flame             Conj/Fire      0%         2d3       100%        4
 Discord                  Hex            0%         N/A       100%        8


Dungeon Overview and Level Annotations

Branches:
Dungeon (8/15)             Temple (0/1) D:7
   Lair: D:8-11

Altars:
Xom

Shops:
D:2 [   D:7 =


Innate Abilities, Weirdness & Mutations

You are partially covered in yellow scales. (AC +2)
A weak demonic guardian rushes to your aid.
You sometimes gain power by taking damage.
Your touch may inflict minor irresistible damage on your foes.


Message History

You are too injured to fight recklessly!
You are too injured to fight recklessly!
You are too injured to fight recklessly!
You are too injured to fight recklessly!
You are too injured to fight recklessly!
You are too injured to fight recklessly!
You are too injured to fight recklessly!
You are too injured to fight recklessly!
You are too injured to fight recklessly!
You are too injured to fight recklessly!
You are too injured to fight recklessly!
You are too injured to fight recklessly!
You are too injured to fight recklessly!
You are too injured to fight recklessly!
You are too injured to fight recklessly!
You are too injured to fight recklessly!
You are too injured to fight recklessly!
You are too injured to fight recklessly!
Your ufetubus hits the orc but does no damage.
Your ufetubus hits the orc.
Your ufetubus barely misses the orc. x2
Your ufetubus closely misses the orc warrior.
Your ufetubus hits the orc warrior.
The orc priest calls down the wrath of Beogh upon you.
Beogh smites you!
* * * LOW HITPOINT WARNING * * *
Your ufetubus misses the orc warrior. Your ufetubus hits the orc warrior.
The orc priest invokes the aid of Beogh against you.
You struggle to resist.
Your ufetubus hits the orc warrior.
Your ufetubus hits the orc warrior but does no damage.
Your ufetubus barely misses the orc warrior.
Your ufetubus hits the orc warrior but does no damage.
The orc priest calls down the wrath of Beogh upon you.
Beogh smites you!
* * * LOW HITPOINT WARNING * * *
A demonic guardian appears!
Your ufetubus hits the orc warrior but does no damage. x2
The orc priest invokes the aid of Beogh against you.
Beogh smites you!
You die...

#.# #### #5#
#..###o#
##...oo#
#....5##
###...#
#########...#
#...##.##...#
#.#.##.##.@.#
##.#'##.##...#
#........##'##
#........##.#
#.).........#
#.<[......###
#.........#
#...........
#######......


You could see an orc warrior, an orc priest (ally target), an orc (ally target),
a friendly quasit (summoned) and a friendly ufetubus (summoned).

Vanquished Creatures
  2 wyverns (D:7)
  Eustachio (D:6)
  A steam dragon (D:6)
  A water moccasin (D:7)
  An orc warrior (D:7)
  2 sky beasts (D:7)
  A centaur (D:5)
  2 kobold brigands (D:7)
  2 necrophages (D:5)
  3 scorpions
  3 bullfrogs (D:7)
  4 wights
  A howler monkey (D:7)
  A gnoll bouda (D:7)
  3 orc priests
  6 hounds
  A jelly (D:5)
  4 iguanas
  Natasha (D:4)
  2 orc wizards (D:7)
  Robin (D:4)
  8 gnolls
  6 adders
  A shadow imp (D:7)
  An ufetubus (D:4)
  2 worms (D:2)
  3 dart slugs
  12 orcs
  6 endoplasms
  3 giant cockroaches
  12 goblins
  13 hobgoblins
  4 jackals (D:3)
  14 kobolds
  3 quokkas
  7 ball pythons
  7 bats
  2 frilled lizards
  4 rats
151 creatures vanquished.

Vanquished Creatures (collateral kills)
  A hound (D:5)
  A giant cockroach (D:1)
  A goblin (D:2)
3 creatures vanquished.

Vanquished Creatures (others)
  A water moccasin (D:6)
1 creature vanquished.

Grand Total: 155 creatures vanquished

Notes
Turn   | Place    | Note
-------+----------+-------------------------------------------
     0 | D:1      | senseless the Demonspawn Berserker began the quest for the
                  | Orb.
     0 | D:1      | Reached XP level 1. HP: 18/18 MP: 1/1
   171 | D:1      | Gained mutation: A weak demonic guardian rushes to your
                  | aid. [demonic ancestry]
   171 | D:1      | Reached XP level 2. HP: 24/24 MP: 2/2
   200 | D:1      | Reached skill level 3 in Maces & Flails
   608 | D:1      | Gained mutation: You sometimes gain a little power by
                  | taking damage. [demonic ancestry]
   608 | D:1      | Reached XP level 3. HP: 28/29 MP: 3/3
   638 | D:1      | Reached ** piety under Trog
   938 | D:2      | Gained mutation: You are partially covered in yellow
                  | scales. (AC +2) [demonic ancestry]
   938 | D:2      | Reached XP level 4. HP: 18/36 MP: 4/4
  1117 | D:2      | Found Maghol's Armour Emporium.
  1417 | D:3      | You fall into a shaft and drop 2 floors!
  1417 | D:5      | Entered Level 5 of the Dungeon
  1437 | D:5      | Reached skill level 1 in Shields
  1499 | D:5      | Noticed a necrophage
  1511 | D:5      | Gained mutation: Your touch may inflict minor irresistible
                  | damage on your foes. [demonic ancestry]
  1511 | D:5      | Reached XP level 5. HP: 41/42 MP: 5/5
  1521 | D:5      | Reached skill level 4 in Maces & Flails
  1552 | D:5      | Gained mutation: You sometimes gain power by taking damage.
                  | [demonic ancestry]
  1552 | D:5      | Reached XP level 6. HP: 24/48 MP: 6/6
  1782 | D:5      | Reached skill level 1 in Stealth
  1878 | D:4      | Noticed Robin
  1897 | D:4      | Killed Robin
  1897 | D:4      | Reached *** piety under Trog
  2060 | D:4      | Noticed Natasha
  2070 | D:4      | Killed Natasha
  2339 | D:4      | Reached XP level 7. HP: 54/54 MP: 7/7
  2503 | D:4      | Identified the +1 whip of Arbitration {venom, Will+ Dex+3}
  3434 | D:5      | Found a shimmering altar of Xom.
  3481 | D:5      | Identified the +5 mace "Mennulun" {antimagic, Contam rElec
                  | rC+++ Stlth-}
  3544 | D:5      | Reached skill level 5 in Maces & Flails
  3929 | D:6      | Noticed a steam dragon
  3937 | D:6      | Killed a steam dragon
  4375 | D:6      | Reached XP level 8. HP: 58/61 MP: 2/8
  4711 | D:6      | Noticed Eustachio
  4716 | D:6      | Killed Eustachio
  4863 | D:7      | Reached skill level 6 in Maces & Flails
  4876 | D:7      | Found Dothoin's Jewellery Shop.
  5612 | D:7      | Identified the +4 spear of Regicide {freeze, rPois Will++
                  | Int+3 Dex-2}
  5820 | D:7      | Reached skill level 5 in Shields
  5820 | D:7      | Reached XP level 9. HP: 33/67 MP: 3/9
  5951 | D:7      | Reached skill level 5 in Fighting
  5951 | D:7      | Reached skill level 5 in Dodging
  6004 | D:7      | Found a staircase to the Ecumenical Temple.
  6161 | D:7      | Reached **** piety under Trog
  6551 | D:7      | Reached skill level 7 in Maces & Flails
  6771 | D:8      | Killed from afar by an orc priest

Illustrated notes

Levels and vault maps discovered:
D:1:      roderic_crop_circles_arrival_small, layout_basic
D:2:      layout_rooms, serial_shops, nicolae_lakefront_shop
D:3:      layout_basic, saegor_snake_ambush
D:4:      layout_gridville, minmay_statues_item, uniq_natasha, uniq_robin
D:5:      layout_cave_pods, mainiacjoe_overflow_boulevard, minmay_misc_feat_iff,
          kennysheep_generic_room_3
D:6:      layout_loops_corners, grunt_ministairs_8, uniq_eustachio
D:7:      layout_basic, minmay_temple_entry_hall, serial_shops, shop,
          kennysheep_generic_room_16
D:8:      layout_basic, nicolae_uskayaw_dance_studio

Skill      XL: |  1  2  3  4  5  6  7  8  9 |
---------------+----------------------------+-----
Maces & Flails | 3 4 5 6 7 |  7.2
Dodging        | 2 3 4 5 |  5.3
Armour         | 2 3 |  3.1
Shields        | 1 2 3 5 |  5.8
Stealth        | 1 2 3 |  3.1
Fighting       | 4 5 |  5.3

Action                     |  1- 3 |  4- 6 |  7- 9 || total
---------------------------+-------+-------+-------++-------
  Melee: Mace              |    85 |    84 |   208 ||   377
         Club              |       |    19 |    37 ||    56
         Whip              |       |       |     6 ||     6
 Invoke: Berserk           |       |     1 |     3 ||     4
    Use: Scroll            |     5 |     2 |    13 ||    20
   Stab: Distracted        |       |       |     2 ||     2
         Sleeping          |       |       |     2 ||     2
 Armour: Scale mail        |    58 |    20 |       ||    78
         Animal skin       |     1 |    10 |    89 ||   100
         Chain mail        |       |    38 |       ||    38
  Dodge: Dodged            |    26 |    21 |   132 ||   179
  Block: Tower shield      |    62 |    76 |   214 ||   352

Table legend: (Time is in decaauts)
 A = Elapsed time spent in this place.
 B = Non-inter-level travel time spent in this place.
 C = Inter-level travel time spent in this place.
 D = Time resting spent in this place.
 E = Time spent auto-exploring this place.
 F = Levels seen in this place.
 G = Mean time per level.
                   A        B        C        D        E       F      G
               +--------+--------+--------+--------+--------+-----+--------+
         Total |   7066 |   6690 |    376 |    193 |   5190 |   8 |  883.2 |
       Dungeon |   7066 |   6690 |    376 |    193 |   5190 |   8 |  883.2 |
               +--------+--------+--------+--------+--------+-----+--------+

Top non-repeatable levels by time:
     D:7: 1908 daAuts
     D:5: 1279 daAuts
     D:1: 912 daAuts
     D:6: 811 daAuts
     D:4: 772 daAuts
     D:3: 735 daAuts
     D:2: 540 daAuts
     D:8: 105 daAuts
